 Dungeon Crawl Stone Soup version 0.18.1-48-g4cf74bf (webtiles) character file.

115 mopl the Skirmisher (level 5, 0/30 HPs)
             Began as a Vine Stalker Wanderer on Aug 29, 2016.
             Was a Follower of Pakellas.
             Slain by an orc
             ... wielding a +0 flail
              (8 damage)
             ... on level 3 of the Dungeon.
             The game lasted 00:04:04 (1756 turns).

mopl the Skirmisher (Vine Stalker Wanderer)         Turns: 1756, Time: 00:04:05

Health: 0/30       AC:  2    Str: 16    XL:     5   Next: 0%
Magic:  0/6        EV: 11    Int: 11    God:    Pakellas [*.....]
Gold:   74         SH:  0    Dex: 14    Spells: 0 memorised, 4 levels left

rFire  . . .     SeeInvis .     u - +0 great sword
rCold  . . .     Gourm    +     d - +0 robe
rNeg   . . .     Faith    .     (shield currently unavailable)
rPois  .         Spirit   +     (no helmet)
rElec  .         Dismiss  .     (no cloak)
rCorr  .         Reflect  .     (no gloves)
SustAt .         Harm     .     (no boots)
MR     .....                    k - amulet of the gourmand
Stlth  ++........               (no ring)
                                (no ring)

@: not resistant to hostile enchantments, unstealthy
A: fangs 2, regeneration 1, magic shield, antimagic bite, no device heal 3, rot
immunity
a: Quick Charge, Renounce Religion


You were on level 3 of the Dungeon.
You worshipped Pakellas.
Pakellas was aware of your devotion.
You were completely stuffed.

You visited 1 branch of the dungeon, and saw 3 of its levels.

You collected 74 gold pieces.

Inventory:

Hand Weapons
 a - a +2 short sword
 e - a +0 dagger
 u - a +0 great sword (weapon)
Missiles
 s - 19 poisoned needles
 v - 3 tomahawks (quivered)
Armour
 d - a +0 robe (worn)
 q - a +0 ring mail
Jewellery
 k - an amulet of the gourmand (around neck)
Scrolls
 b - 3 scrolls of teleportation
 g - a scroll of remove curse {unknown}
 h - a scroll of enchant armour {unknown}
 j - a scroll of fog {unknown}
 l - a scroll of noise {unknown}
 m - 2 scrolls of recharging {unknown}
 n - 2 scrolls of random uselessness {unknown}
 w - a scroll of fear {unknown}
Potions
 c - a potion of curing
 i - a potion of cure mutation {unknown}
 o - a potion of heal wounds {unknown}
 r - a potion of agility {unknown}
 t - a potion of beneficial mutation {unknown}
Comestibles
 f - 2 bread rations
 p - 3 meat rations
 x - a chunk of flesh


   Skills:
 + Level 4.9 Fighting
 + Level 2.2(2.3) Short Blades
 + Level 0.1(1.3) Long Blades
   Level 1.0 Bows
 + Level 1.5 Throwing
 - Level 1.0 Armour
 + Level 3.5 Stealth
 * Level 0.8 Evocations


You had 4 spell levels left.
You didn't know any spells.

Dungeon Overview and Level Annotations

Branches:
Dungeon (3/15)

Altars:
Nemelex Xobeh
Okawaru
Pakellas
Xom


Innate Abilities, Weirdness & Mutations

You have extremely sharp teeth.
Your natural rate of healing is unusually fast.
When hurt, damage is shared between your health and your magic reserves.
Your bite disrupts and absorbs the magic of your enemies.
Potions and wands cannot restore your health.
You are immune to rotting.


Message History

You see here a leather armour.
An orc comes into view. It is wielding a flail.
The orc shouts!
Things that are here:
a club; a goblin corpse Wield which item (- for none, * to show all)? (? for menu, Esc to quit)
u - a +0 great sword (weapon)
You hit the orc but do no damage. The orc barely misses you.
You slash the orc!
You kill the orc!
Pakellas accepts your kill.
You can now spend your magic to charge your devices.
Pakellas grants you a gift!
You have reached level 5!
The orc barely misses you.
You barely miss the orc. The orc barely misses you.
Unknown command.
You barely miss the orc. The orc hits you with a flail!
You die...
Pakellas says: Time to start the next experiment...

#. #... ♣♣♣♣♣#####... ...
..PP♣.....### #..
...♣.......### ..# ?.#
♣.♣.........### ..##..
♣♣.........oo@###..#.#
####...........###....#.##
...[[........###.....>...#
####.....†.###...........###
##..............#.##<...#
#......(..###..#....#...
#...........##.####.....♣
#...♣.♣♣....##)# #..#..♣
#..♣♣..♣....##.#####...♣♣.P.


You could see 2 orcs.

Vanquished Creatures
  4 adders (D:2)
  A gnoll (D:1)
  2 dart slugs
  A giant gecko (D:3)
  7 orcs (D:3)
  4 giant cockroaches
  6 goblins
  5 hobgoblins
  7 kobolds
  3 quokkas (D:2)
  A ball python (D:3)
  7 bats
  3 giant newts
  6 rats
57 creatures vanquished.

Notes
Turn   | Place    | Note
--------------------------------------------------------------
     0 | D:1      | mopl the Vine Stalker Wanderer began the quest for the Orb.
     0 | D:1      | mopl set off with: a +2 short sword, a scroll of teleportation, a potion of curing, a +0 robe, a +0 dagger, a bread ration
     0 | D:1      | Reached XP level 1. HP: 14/14 MP: 2/2
   119 | D:1      | Reached XP level 2. HP: 4/18 MP: 0/3
   654 | D:1      | Reached skill level 1 in Throwing
   654 | D:1      | Reached XP level 3. HP: 14/21 MP: 2/4
   844 | D:2      | Reached skill level 3 in Stealth
  1020 | D:2      | Reached XP level 4. HP: 20/26 MP: 5/5
  1151 | D:2      | Found a sparkling altar of Nemelex Xobeh.
  1155 | D:2      | Found a shimmering altar of Xom.
  1155 | D:2      | Found an oddly glowing altar of Pakellas.
  1155 | D:2      | Found an iron altar of Okawaru.
  1184 | D:2      | Became a worshipper of Pakellas the Inventive
  1317 | D:2      | Reached skill level 2 in Short Blades
  1754 | D:3      | Reached * piety under Pakellas
  1754 | D:3      | Received a gift from Pakellas
  1754 | D:3      | Reached XP level 5. HP: 7/30 MP: 1/6
  1756 | D:3      | Slain by an orc

Skill      XL: |  1  2  3  4 |
---------------+-------------+-----
Throwing       | 1 |  1.5
Stealth        | 3 |  3.5
Short Blades   | 2 |  2.2
Fighting       | |  4.9
Long Blades    | |  0.1
Bows           | |  1.0
Armour         | |  1.0
Evocations     | |  0.8

Action                   |  1- 3 |  4- 6 || total
-------------------------+-------+-------++-------
Melee: Short sword       |    81 |    86 ||   167
       Bite              |    10 |    19 ||    29
       Great sword       |       |     4 ||     4
 Stab: Sleeping          |     9 |     1 ||    10
  Eat: Chunk             |    12 |     3 ||    15
Armor: Robe              |    17 |    13 ||    30
Dodge: Dodged            |    47 |    60 ||   107
